[Event "*** Monthly 3|2 Blitz Masters"]
[Site "Chess.com"]
[Date "2014.11.25"]
[Round "7"]
[White "hitaman"]
[Black "rhungaski"]
[Result "1/2-1/2"]
[WhiteElo "2402"]
[BlackElo "2423"]
[TimeControl "180+2"]
[EndTime "12:28:30 PST"]
[Termination "Game drawn - insufficient material"]

1. e4 d6 2. d4 Nf6 3. Nc3 e5 4. dxe5 dxe5 5. Qxd8+ Kxd8 6. Bc4 Be6 7.
Bxe6 fxe6 8. f3 a6 9. Be3 Bd6 10. Nh3 Ke7 11. Nf2 Nbd7 12. a4 b6 13. Nd3 c5 14. b3 c4 15. bxc4 Rhc8 16. Nb2 Bb4 17. Bd2 Bxc3 18. Bxc3 a5 19. Bd2 h6 20. Be3 Ne8 21. O-O-O Nd6 22. Rd3 Nxc4 23. Rhd1 Ra7 24. Nxc4 Rxc4 25. Rd6 Rxa4 26. Rc6 Ra1+ 27. Kd2 Rxd1+ 28.
Kxd1 Rb7 29. c4 b5 30. cxb5 Rxb5 31. Ra6 Nc5 32. Ra7+ Kf6 33. h4 Nb3 34. Kc2 Nd4+ 35. Kc1 h5 36. Ra6 Rc5+ 37. Kd1 Rb5 38. Ra7 Rb2 39.
Bg5+ Kg6 40. g4 Nxf3 41. gxh5+ Kxh5 42. Rxg7 a4 43. Bc1 Rb4 44. Rh7+ Kg4 45. h5 Rd4+ 46. Kc2 Rxe4 47. h6 Nd4+ 48. Kd3 Re1 49. Bd2 Rh1 50.
Rg7+ Kf3 51. Rf7+ Nf5 52. h7 a3 53. Bc3 e4+ 54. Kc2 Rh2+ 55. Kb3 e3 56. h8=Q Rxh8 57.
Bxh8 Ke4 58. Bc3 e2 59. Kxa3 Kd3 60. Ba5 Ne3 61. Kb3 Nc2 62. Rd7+ Nd4+ 63. Kb2 e5 64.
Kc1 Ke3 65. Bd2+ Kf2 66. Rf7+ Nf3 67. Ba5 e4 68. Rf4 e3 69. Re4 e1=Q+ 70. Bxe1+ Nxe1 71.
Kd1 Nf3 72. Re8 Ng1 73. Re7 e2+ 74. Rxe2+ Nxe2 1/2-1/2

[Event "*** Monthly 3|2 Blitz Masters"]
[Site "Chess.com"]
[Date "2014.11.25"]
[Round "7"]
[White "IMRosen"]
[Black "MoreChessJulia"]
[Result "1-0"]
[WhiteElo "1993"]
[BlackElo "1887"]
[TimeControl "180+2"]
[EndTime "12:28:30 PST"]
[Termination "IMRosen won by resignation"]

1. c4 e5 2. Nc3 Nc6 3. Nf3 g6 4.
d4 exd4 5. Nd5 Bg7 6. Bg5 Nf6 7.
Nxd4 h6 8. Nb5 hxg5 9. Nbxc7+ Kf8 10. Nxa8 Nxd5 11. cxd5 Nb4 12. Qd2 Qe7 13. Rc1 Nc6 14. dxc6 dxc6 15. Rd1 Bf6 16. e3 Be6 17. Qd6 Qxd6 18.
Rxd6 Ke7 19. Rd2 Rxa8 20. a3 g4 21. Be2 Be5 22. f4 Bc7 23. Kf2 Rh8 24. b4 Bb6 25. a4 a6 26. Rb2 f5 27. b5 axb5 28. axb5 Bc5 29. bxc6 bxc6 30. Rc2 g3+ 31. Kxg3 Bxe3 32. Rxc6 g5 33. Rxe6+ Kxe6 34. fxg5 Bxg5 35. h4 Be3 36. h5 Kf6 37. Kf3 Bg5 38. Bc4 Bh6 39. g3 Rc8 40. Bd3 Rc3 41. Ke2 Ra3 42. Rf1 Ra2+ 43. Kf3 Ra5 44. Kg2 Ra2+ 45. Kh3 f4 46. gxf4 Ra3 47.
Rf3 Rb3 48. Kg4 Rb5 49. Bg6 Rb4 50. Kg3 Bg7 51. f5 Bh6 52. Rd3 Bf4+ 53. Kf3 Kg5 54. Rd1 Kh6 55. Rg1 Be5 56. Re1 Bf6 57. Rf1 Bg5 58. Rd1 Rf4+ 59. Kg3 Rb4 60. Rd7 Bf6 61. Kf3 Kg5 62. Rf7 Rb3+ 63. Ke4 Rh3 64. Kd5 Rd3+ 65. Ke6 Re3+ 66. Kd5 Rd3+ 67. Ke4 Rh3 68. Rf8 Rh2 69.
Rg8 Rh4+ 70. Kf3 Rd4 71. Rf8 Rh4 72. Rf7 Rd4 73. h6 Rd8 74. h7 Ba1 75. Ra7 Kh6 76. Rxa1 1-0

[Event "*** Monthly 3|2 Blitz Masters"]
[Site "Chess.com"]
[Date "2014.11.25"]
[Round "7"]
[White "wonderfultime"]
[Black "Quinten94"]
[Result "1/2-1/2"]
[WhiteElo "2487"]
[BlackElo "2175"]
[TimeControl "180+2"]
[EndTime "12:29:07 PST"]
[Termination "Game drawn by agreement"]

1. d4 Nf6 2. c4 e6 3. Nf3 b6 4. a3 Ba6 5. Qc2 Bb7 6. Nc3 c5 7.
e4 cxd4 8. Nxd4 Bc5 9. Nb3 Nc6 10. Bg5 Nd4 11. Nxd4 Bxd4 12. Rd1 Bxc3+ 13. Qxc3 Bxe4 14. f3 Bc6 15. h4 h6 16. Bf4 O-O 17. Bd6 Re8 18. Be2 e5 19. O-O e4 20. f4 h5 21. Be5 Ng4 22. Bxg4 hxg4 23. Bxg7 Qxh4 24. Bf6 Qh5 25. Qe3 Re6 26. Bc3 Rg6 27. f5 g3 28. Rfe1 Rg5 29. Rd6 Qh2+ 30. Kf1 Rxf5+ 31. Ke2 Qxg2+ 32. Kd1 Qf3+ 33. Qxf3 exf3 34. Rh6 f6 35. Rg6+ Kf7 36. Rxg3 f2 37. Rf1 Re8 38. Kd2 Re4 39.
b3 Ref4 40. Ke2 Rf3 41. Rxf3 Rxf3 42. Bd4 Rxb3 43. Rxf2 Rxa3 44. Rxf6+ Ke7 45. Rh6 Ra4 46. Kd3 Ra3+ 47. Kc2 Kd8 48. Be5 Kc8 49. Bd6 Rf3 50. c5 Kb7 51. cxb6 axb6 52. Rh8 Ka6 53. Rb8 Rf5 54. Bc7 Rb5 55. Kc3 Ka7 56. Rd8 Rc5+ 57. Kb4 Kb7 58. Bd6 Rb5+ 59. Kc4 Rf5 60. Rb8+ Ka7 61.
Rh8 b5+ 62. Kb4 Rd5 63. Bc5+ Kb7 64. Rf8 Rd3 65. Rf6 Kc7 66. Ka5 d6 67. Bb4 Bd7 68. Rf1 Rd4 69. Rc1+ Rc4 70. Rd1 Rc6 71. Rd5 Rb6 72. Be1 Kb7 73. Bf2 Ra6+ 74. Kb4 Ra4+ 75. Kc3 Kc6 76. Rd1 Rc4+ 77. Kb2 Bf5 78. Bg3 d5 79.
Rf1 Be4 80. Rf6+ Kc5 81. Bd6+ Kd4 82. Rf2 b4 83. Kb3 Ke3 84. Rh2 Bc2+ 85. Rxc2 Rxc2 86. Kxc2 d4 87. Bxb4 d3+ 1/2-1/2

[Event "*** Monthly 3|2 Blitz Masters"]
[Site "Chess.com"]
[Date "2014.11.25"]
[Round "7"]
[White "AlmirDzhumaev"]
[Black "GedoGluperd"]
[Result "0-1"]
[WhiteElo "2276"]
[BlackElo "2335"]
[TimeControl "180+2"]
[EndTime "12:29:50 PST"]
[Termination "GedoGluperd won on time"]

1. e4 g6 2. Nc3 Bg7 3. g3 c5 4.
Bg2 Nc6 5. d3 Nf6 6. Be3 d6 7. h3 O-O 8. Qd2 Nd4 9. Nd1 Rb8 10.
c3 Ne6 11. f4 b5 12. Ne2 b4 13. O-O bxc3 14. bxc3 Ba6 15. Nf2 Qa5 16. g4 Qa3 17.
Rfc1 Rb2 18. Rc2 Rfb8 19. Nd1 Rxc2 20. Qxc2 h6 21. Rb1 Rb6 22. Rb3 Rxb3 23. axb3 g5 24. fxg5 hxg5 25. Kf2 Nd7 26. Nc1 Ne5 27. Bf1 Ng6 28.
Kg3 Be5+ 29. Kf2 Nef4 30. Ke1 e6 31. Kd2 d5 32. exd5 exd5 33. Qa2 Qxa2+ 34. Nxa2 d4 35. Bf2 Nd5 36. Bg2 Ngf4 37. Bf1 Kg7 38. c4 Ne7 39. b4 cxb4 40. Nxb4 Bb7 41. Nc2 Nc6 42. Nb2 Bc8 43. Na4 f5 44. gxf5 Bxf5 45. h4 g4 46. Ne1 Nh3 47.
Ke2 g3 48. Bxh3 Bxh3 49. Bg1 Bg4+ 50. Kf1 Kh6 51. Nc5 a5 52. Kg2 Kh5 53. Nc2 Kxh4 54. Nb3 Bd1 55. Ncxd4 Nxd4 56. Nxd4 a4 57. Nb5 Kg4 58.
d4 Bf3+ 59. Kf1 Bf4 60. d5 Be4 61. Ke2 Bc1 62. Kd1 Bg5 63. Nc3 Bd3 64. Nxa4 Bxc4 65. Nc3 Kf3 66. d6 Be6 67. Kc2 Bf4 68. Kd3 Bxd6 69.
Ne2 Bf5+ 70. Kd2 Bb4+ 71. Kd1 g2 72. Nd4+ Ke4 73. Nxf5 Kxf5 74. Ke2 Kg4 75. Kf2 Kh3 76.
Kf3 Bd6 77. Bf2 Bc7 78. Bg1 Bd8 79. Bf2 Bh4 80. Bg1 Bg3 81. Be3 Bh2 82. Bf2 Be5 83. Be3 Bd6 84. Bg1 Bb4 85. Be3 Kh2 86.
Bf2 Be1 87. Be3 Kh1 88. Bd4 Bc3 89. Bf2 Be5 90. Be3 Bh2 91. Bf2 Bg1 92. Be1 Bc5 93.
Bf2 Bxf2 0-1

[Event "*** Monthly 3|2 Blitz Masters"]
[Site "Chess.com"]
[Date "2014.11.25"]
[Round "7"]
[White "stepanosinovsky"]
[Black "oggy1984"]
[Result "1/2-1/2"]
[WhiteElo "2257"]
[BlackElo "2198"]
[TimeControl "180+2"]
[EndTime "12:36:01 PST"]
[Termination "Game drawn by 50-move rule"]

1. e4 e5 2. Nf3 Nc6 3. Bb5 a6 4.
Ba4 Nf6 5. O-O Be7 6. Re1 b5 7.
Bb3 d6 8. Nc3 Na5 9. Nd5 Nxd5 10. exd5 O-O 11. d4 Nxb3 12. axb3 exd4 13. Nxd4 Bd7 14.
c3 Bf6 15. Nc6 Bxc6 16. dxc6 Re8 17. Rxe8+ Qxe8 18. Be3 Qxc6 19. b4 Re8 20. Qf3 Qxf3 21. gxf3 Ra8 22. Kf1 Bd8 23. b3 c6 24. c4 a5 25. bxa5 Rxa5 26. Rd1 Bc7 27. Bf4 bxc4 28. Bxd6 Bxd6 29. Rxd6 Kf8 30. Rxc6 cxb3 31. Rb6 Ra1+ 32. Kg2 Rb1 33. Rb7 g5 34. Kg3 b2 35. Kg2 Kg7 36.
Rb6 h5 37. h3 f5 38. Rb7+ Kf6 39. Rb5 Ke6 40. Rb6+ Kd5 41. Rb5+ Kc4 42. Rb8 Kc5 43. Rc8+ Kd6 44. Rd8+ Kc7 45. Rd2 Rg1+ 46. Kxg1 b1=Q+ 47. Kg2 Qb4 48. Rd5 Qf4 49. Rd3 g4 50. hxg4 fxg4 51. Re3 h4 52. fxg4 Qxg4+ 53. Kh2 Kd6 54. Rd3+ Ke6 55. Re3+ Kf5 56. Rh3 Kg5 57. Re3 Qf4+ 58. Kg2 Kg4 59. Ra3 Qc4 60. Re3 Qc6+ 61. Kh2 Qd5 62. Rh3 Qd2 63. Kg2 Qd5+ 64. Kh2 Qc6 65. Re3 Qd5 66. Rh3 Qe5+ 67. Kg2 Qf4 68. Re3 Qf5 69. Rh3 Qg5 70. Re3 Kf4+ 71. Kh2 Qg8 72.
Rh3 Qd8 73. Re3 Qd6 74. Kg2 Kg4 75. Rh3 Qc6+ 76. Kh2 Qc2 77. Kg2 Qc6+ 78. Kh2 Qf6 79. Kg2 Qf7 80. Re3 Qh7 81. Rh3 Qh8 82. Re3 h3+ 83.
Kh2 Qf6 84. Rg3+ Kh5 85. Rxh3+ Kg6 86. Rg3+ Kf7 87. Kg2 Qc6+ 88. Kh2 Kf6 89. Re3 Kf5 90. Rg3 Kf4 91. Re3 Qd7 92. Rg3 Qd5 93. Re3 Kg4 94. Rg3+ Kh4 95. Rh3+ Kg4 96. Rg3+ Kf4 97. Re3 Qd2 98. Kg2 Qd1 99. Rg3 Qe2 100. Re3 Qg4+ 101. Rg3 Qh5 102. Re3 Qd5+ 103. Kh2 Qd6 104. Kg2 Qc7 105. Rf3+ Kg4 106. Rg3+ Kf5 107. Rf3+ Ke4 108. Rg3 Qc6 109. Kh2 Kf4 110. Re3 Qg6 111. Rg3 Qc2 112. Kg2 Qd1 113.
Re3 Kg4 114. Rg3+ Kf5 115. Rf3+ Ke4 116. Re3+ Kf4 117. Rg3 Qe2 118. Re3 Qg4+ 119. Rg3 Qd7 120. Re3 Qc6+ 121. Kh2 Qd5 122. Rg3 Qd1 123. Kg2 Qd5+ 124. Kh2 Qh5+ 125. Kg2 Qe2 126. Re3 Qd1 127. Rg3 Qd5+ 128. Kh2 Qh5+ 129. Kg2 Qb5 130. Rf3+ Ke5 131. Re3+ Kf6 132. Rf3+ Ke5 133. Rg3 Qb7+ 134. Kh2 Qa8 135. Re3+ Kf4 136. Rg3 Qc6 137. Re3 Qc2 138. Kg2 Qd1 139. Rg3 Qh5 140. Re3 Qg6+ 141. Rg3 Qc6+ 142. Kh2 Ke4 143. Re3+ Kd4 144. Rg3 Qc2 145. Kg2 Qd1 146. Re3 Qg4+ 147. Rg3 Qh4 148. Rh3 Qe4+ 149. Kh2 Qf4+ 150. Kg2 Qe4+ 151. Kh2 Qb1 152. Kg2 Qb7+ 153. Kh2 Ke4 154. Kg2 Kf4+ 155. Kh2 Qc6 156. Rg3 Qc1 157. Kg2 Qc6+ 158. Kh2 Qd5 159. Re3 Qh5+ 160. Kg2 Qg6+ 161. Rg3 Qe4+ 162. Kh2 Qb1 163. Kg2 Kf5 164. Re3 Qb7+ 165. Kh2 Qh7+ 166. Kg2 Qg6+ 167. Rg3 Qc6+ 168. Kh2 Qc2 169. Kg2 Qe2 170. Re3 Qc2 171. Rg3 Kf4 172. Re3 Qc6+ 173. Kh2 Kg4 174. Rg3+ Kf4 175. Re3 Qc5 176. Kg2 Qg5+ 177. Rg3 1/2-1/2

[Event "*** Monthly 3|2 Blitz Masters"]
[Site "Chess.com"]
[Date "2014.11.25"]
[Round "8"]
[White "alturas_pacificas"]
[Black "pKiLz5Rn9b"]
[Result "1-0"]
[WhiteElo "2062"]
[BlackElo "2134"]
[TimeControl "180+2"]
[EndTime "12:39:56 PST"]
[Termination "alturas_pacificas won by resignation"]

1. d4 Nf6 2. Bf4 d5 3. e3 e6 4. Nf3 Bd6 5. Bg3 c5 6. c3 Nc6 7. Nbd2 O-O 8. Bd3 Re8 9. Ne5 Qc7 10.
f4 cxd4 11. exd4 Ne4 12. Nxe4 dxe4 13. Bxe4 Nxe5 14. fxe5 Be7 15. O-O g6 16. Qf3 Bf8 17. Bh4 Bg7 18. Bf6 Bf8 19. Qh3 Bd7 20. Rf4 Bc6 21. Rh4 h5 22. Rxh5 Bg7 23. Rh8+ 1-0

[Event "*** Monthly 3|2 Blitz Masters"]
[Site "Chess.com"]
[Date "2014.11.25"]
[Round "8"]
[White "Quinten94"]
[Black "DanielRensch"]
[Result "1-0"]
[WhiteElo "2245"]
[BlackElo "2340"]
[TimeControl "180+2"]
[EndTime "12:40:42 PST"]
[Termination "Quinten94 won by resignation"]

1. e4 c5 2. Nf3 d6 3. d4 cxd4 4.
Qxd4 Nc6 5. Bb5 Bd7 6. Bxc6 Bxc6 7. Nc3 Nf6 8. Bg5 e6 9. O-O-O Be7 10. Qd3 Qc7 11.
Nd4 a6 12. f4 Rc8 13. Kb1 O-O 14. h4 d5 15. e5 Ne4 16. Nxe4 dxe4 17. Qg3 Bd5 18.
Bf6 g6 19. Qg5 Rfe8 20. h5 Bf8 21.
Rh3 Qa5 22. a3 e3 23. hxg6 fxg6 24. Rxh7 Be4 25. Rdh1 1-0

[Event "*** Monthly 3|2 Blitz Masters"]
[Site "Chess.com"]
[Date "2014.11.25"]
[Round "8"]
[White "vovkcoach"]
[Black "AlmirDzhumaev"]
[Result "1-0"]
[WhiteElo "2474"]
[BlackElo "2272"]
[TimeControl "180+2"]
[EndTime "12:41:01 PST"]
[Termination "vovkcoach won by checkmate"]

1. Nf3 d5 2. g3 e6 3. Bg2 Nf6 4. O-O Be7 5. c4 O-O 6. Qc2 c6 7. b3 Nbd7 8. Bb2 Re8 9. d3 b6 10.
Nbd2 Bb7 11. e4 dxe4 12. dxe4 Rf8 13. e5 Ne8 14. Ne4 Qc7 15. Nfg5 g6 16. Qd2 Rd8 17. Qf4 c5 18. Qh4 h5 19. Qf4 Ng7 20. Rad1 Nb8 21. Rd6 Nc6 22. Rfd1 Qc8 23. Nf6+ Kh8 24. Nxf7+ Rxf7 25. Qh6# 1-0

[Event "*** Monthly 3|2 Blitz Masters"]
[Site "Chess.com"]
[Date "2014.11.25"]
[Round "8"]
[White "IMLevAltounian"]
[Black "gumersindo"]
[Result "1-0"]
[WhiteElo "2246"]
[BlackElo "2041"]
[TimeControl "180+2"]
[EndTime "12:41:57 PST"]
[Termination "IMLevAltounian won by resignation"]

1. Nf3 Nf6 2. c4 e6 3. g3 d5 4. Bg2 Be7 5. O-O O-O 6. b3 c6 7.
Bb2 Nbd7 8. d3 b6 9. Nc3 Bb7 10.
Qc2 c5 11. cxd5 Nxd5 12. Rfd1 Nb4 13. Qd2 Nf6 14. Rac1 Nfd5 15. e4 Nxc3 16. Bxc3 Nc6 17. Qe3 Bf6 18. e5 Be7 19. d4 Qc7 20. d5 exd5 21.
Rxd5 Rad8 22. Rdd1 Rxd1+ 23. Rxd1 Rd8 24. Rd2 Rxd2 25.
Nxd2 Nd8 26. f4 Bxg2 27. Kxg2 Qc6+ 28. Qe4 Qd7 29. Nc4 Nc6 30. f5 g6 31. g4 Bf8 32.
e6 fxe6 33. fxg6 Qd5 34. gxh7+ 1-0

[Event "*** Monthly 3|2 Blitz Masters"]
[Site "Chess.com"]
[Date "2014.11.25"]
[Round "8"]
[White "jcibarra"]
[Black "jlandaw"]
[Result "0-1"]
[WhiteElo "2450"]
[BlackElo "2308"]
[TimeControl "180+2"]
[EndTime "12:43:03 PST"]
[Termination "jlandaw won by resignation"]

1. e4 e5 2. Nf3 Nc6 3. Bb5 a6 4. Bxc6 dxc6 5. O-O Qf6 6. d4 exd4 7. Bg5 Qg6 8. Qxd4 Bd6 9. e5 Be7 10. Bf4 Nh6 11.
Nbd2 O-O 12. Qc3 Nf5 13. Rfe1 Be6 14. Ne4 Bd5 15. Ng3 Bxf3 16. Qxf3 Nxg3 17. hxg3 Qxc2 18.
Re2 Qg6 19. e6 Rad8 20. Bxc7 Rd3 21. exf7+ Rxf7 22. Qe4 Qxe4 23. Rxe4 Rd2 24. Be5 Rfxf2 25. Bc3 Rxg2+ 26. Kf1 Rdf2+ 27. Ke1 Bc5 28. Bd4 Bb4+ 29. Bc3 Rxb2 30. Kf1 Rbf2+ 0-1

[Event "*** Monthly 3|2 Blitz Masters"]
[Site "Chess.com"]
[Date "2014.11.25"]
[Round "8"]
[White "Vandros57"]
[Black "oggy1984"]
[Result "0-1"]
[WhiteElo "1794"]
[BlackElo "2199"]
[TimeControl "180+2"]
[EndTime "12:43:29 PST"]
[Termination "oggy1984 won by resignation"]

1. d4 Nf6 2. c4 g6 3. Nc3 d5 4.
cxd5 Nxd5 5. Bd2 Bg7 6. Nf3 O-O 7.
Rc1 Nxc3 8. Bxc3 b6 9. g3 Bb7 10. Bg2 Nd7 11. O-O c5 12. dxc5 Nxc5 13. Bxg7 Kxg7 14.
Qxd8 Rfxd8 15. Rfd1 Rac8 16. Nd4 Bxg2 17. Kxg2 Kf6 18.
e3 a5 19. b3 e5 20. Nb5 Ke7 21. Kf3 e4+ 22. Ke2 Nd3 23. Rxc8 Rxc8 24. Nd4 f5 25. h4 Nc1+ 26. Ke1 Nxa2 27. h5 Rc3 28. h6 Nc1 29. Rd2 Nxb3 30. Nb5 Rc5 0-1

[Event "*** Monthly 3|2 Blitz Masters"]
[Site "Chess.com"]
[Date "2014.11.25"]
[Round "8"]
[White "wonderfultime"]
[Black "ameet100"]
[Result "1-0"]
[WhiteElo "2494"]
[BlackElo "2414"]
[TimeControl "180+2"]
[EndTime "12:43:32 PST"]
[Termination "wonderfultime won by resignation"]

1. d4 g6 2. Nf3 Bg7 3. c4 d6 4. b4 c5 5. b5 Nh6 6. Bb2 O-O 7. e3 a6 8. a4 Bg4 9. Be2 Nf5 10. O-O axb5 11. axb5 Rxa1 12. Bxa1 Nd7 13. Nbd2 cxd4 14. exd4 Qa5 15. h3 Bxf3 16. Bxf3 Nxd4 17.
Bxd4 Bxd4 18. Nb3 Bxf2+ 19. Rxf2 Qb6 20. Qd4 Qc7 21. Nd2 Ra8 22. Bd5 e6 23. Bf3 f5 24.
Re2 Ne5 25. c5 Nxf3+ 26. Nxf3 dxc5 27. Qf6 Qf7 28. Qxf7+ Kxf7 29. Ng5+ Kf6 30. Nxh7+ Kf7 31. Ng5+ Kf6 32. Nxe6 Re8 33. Nf4 Rxe2 34. Nxe2 Ke5 35.
Kf2 Ke4 36. h4 c4 37. g3 Kd3 38. b6 c3 39. Ke1 c2 40. Nc1+ Ke3 41. Nb3 Kf3 42. Kd2 Kxg3 43. Nc5 f4 44. Nxb7 f3 45. Nc5 Kf4 46. Nd3+ Ke4 47. Kxc2 1-0

[Event "*** Monthly 3|2 Blitz Masters"]
[Site "Chess.com"]
[Date "2014.11.25"]
[Round "8"]
[White "GMBenjaminBok"]
[Black "bugsbunny444"]
[Result "1-0"]
[WhiteElo "2574"]
[BlackElo "2312"]
[TimeControl "180+2"]
[EndTime "12:43:54 PST"]
[Termination "GMBenjaminBok won by checkmate"]

1. e4 e6 2. d4 d5 3. Nd2 Nf6 4. e5 Nfd7 5. f4 c5 6. c3 Nc6 7. Ndf3 cxd4 8. cxd4 a5 9. Bd3 a4 10.
a3 Nb6 11. Ne2 Be7 12. Nc3 Bd7 13. Bc2 g6 14. O-O Kf8 15. g4 h5 16. f5 hxg4 17. fxg6 f5 18. exf6 Bxf6 19. Ne5 Kg7 20. Qxg4 Rh4 21.
Qxh4 Bxh4 22. Rf7+ Kg8 23. Ng4 Bg5 24. h4 Bxc1 25.
Rxc1 Qxh4 26. Nf6+ Kh8 27. g7# 1-0

[Event "*** Monthly 3|2 Blitz Masters"]
[Site "Chess.com"]
[Date "2014.11.25"]
[Round "8"]
[White "Argente"]
[Black "MoreChessJulia"]
[Result "1-0"]
[WhiteElo "2180"]
[BlackElo "1884"]
[TimeControl "180+2"]
[EndTime "12:44:20 PST"]
[Termination "Argente won by resignation"]

1. d4 d5 2. Bf4 Nc6 3. e3 f6 4.
Nf3 h5 5. h3 g5 6. Bg3 Bg7 7.
c4 e6 8. Nc3 Nge7 9. Be2 Kf7 10. Nb5 e5 11. dxe5 g4 12. exf6 Bxf6 13. Bxc7 Qd7 14.
hxg4 hxg4 15. Rxh8 Bxh8 16. Ng5+ Kg6 17. f4 Bxb2 18.
Qc2+ Nf5 19. Qxb2 a6 20. Bxg4 axb5 21. cxb5 Qxc7 22. bxc6 Qa5+ 23. Kf2 bxc6 24. Rh1 Rb8 25. Qe2 Ng7 26. Bxc8 Rxc8 27. Qd3+ Nf5 28. g4 Qxa2+ 29.
Kf3 Rf8 30. gxf5+ Rxf5 31. Rg1 Qa4 32. Nh7+ Kf7 33. Qxf5+ 1-0

[Event "*** Monthly 3|2 Blitz Masters"]
[Site "Chess.com"]
[Date "2014.11.25"]
[Round "8"]
[White "juniortay"]
[Black "minnesotachessmaster"]
[Result "0-1"]
[WhiteElo "2151"]
[BlackElo "1936"]
[TimeControl "180+2"]
[EndTime "12:44:34 PST"]
[Termination "minnesotachessmaster won by resignation"]

1. e4 e6 2. Nf3 d5 3. Nc3 Nf6 4. e5 Nfd7 5. d4 c5 6. Bg5 Qa5 7. Bb5 a6 8. Bxd7+ Bxd7 9. O-O Nc6 10.
dxc5 Bxc5 11. a3 Qc7 12. Qe2 O-O 13. Bh4 Rfe8 14. Bg3 Nd4 15. Qd3 Nxf3+ 16. Qxf3 Bc6 17. Qg4 Kh8 18. Ne2 Rad8 19. Nd4 Qb6 20. Nf3 Be7 21. Qd4 Bc5 22. Qg4 h6 23. b4 Be7 24.
Nd4 Bb5 25. Rfe1 Rc8 26. Rad1 Rc4 27. Rd2 a5 28. bxa5 Qxa5 29. Red1 Qb6 30. h4 Bc5 31.
Nf3 Rxg4 32. Kh2 Rxg3 33. fxg3 Bc4 34. a4 Qa5 35. Rb1 Ba6 36. Rdd1 Qxa4 37. Rb3 Qc6 38. Rdb1 b5 39. Ra3 Bxa3 0-1

[Event "*** Monthly 3|2 Blitz Masters"]
[Site "Chess.com"]
[Date "2014.11.25"]
[Round "8"]
[White "Zhani-Z"]
[Black "Dlugy"]
[Result "0-1"]
[WhiteElo "1979"]
[BlackElo "2593"]
[TimeControl "180+2"]
[EndTime "12:45:28 PST"]
[Termination "Dlugy won by resignation"]

1. e4 d5 2. exd5 Qxd5 3. Nc3 Qd6 4. d4 c6 5. Nf3 Bg4 6. g3 Bxf3 7. Qxf3 Qxd4 8. Be3 Qd8 9. Rd1 Nd7 10. Bc4 Ngf6 11. O-O e6 12. Rd2 Qa5 13. Rfd1 Ne5 14. Qe2 Nxc4 15.
Qxc4 Be7 16. Qb3 Qb4 17. Na4 Qxb3 18. axb3 Nd5 19. Bc5 Bxc5 20. Nxc5 b6 21. Ne4 Ke7 22. c4 Nf6 23. Nxf6 Kxf6 24. Rd7 c5 25. R1d3 Kg6 26.
Kg2 h5 27. f4 h4 28. g4 Kf6 29. Kf3 Rhf8 30. Ke4 g5 31. Rf3 gxf4 32. Rxf4+ Kg5 33. h3 Kg6 34. Ke5 Rad8 35. Rf6+ Kg7 36. Rfxf7+ Rxf7 37. Rxd8 Rf3 38. Kxe6 Rxh3 39. Kf5 Rf3+ 40. Kg5 h3 41. Rd7+ Kf8 42. Rxa7 Rxb3 43. Rh7 Kg8 44. Kg6 Rg3 45. Rg7+ Kf8 46. Rf7+ Ke8 47. Rh7 Rxg4+ 48. Kf5 Rxc4 49. Rxh3 Kd7 50. Ke5 Kc6 51. Rb3 b5 52. Rf3 b4 53.
Rf6+ Kb5 54. Rf3 Rd4 55. Re3 Rd2 56. b3 c4 57. bxc4+ Kxc4 58. Re4+ Kc3 59. Re3+ Rd3 60. Re4 b3 61. Re1 b2 62. Rg1 Kc2 0-1

[Event "*** Monthly 3|2 Blitz Masters"]
[Site "Chess.com"]
[Date "2014.11.25"]
[Round "8"]
[White "thegormacle"]
[Black "GulamaliRises"]
[Result "1/2-1/2"]
[WhiteElo "2457"]
[BlackElo "2413"]
[TimeControl "180+2"]
[EndTime "12:45:45 PST"]
[Termination "Game drawn - insufficient material"]

1. e4 c5 2. Nc3 Nc6 3. Bb5 e6 4.
Bxc6 bxc6 5. f4 d6 6. Nf3 Ne7 7. O-O c4 8. b3 Ba6 9. bxc4 Bxc4 10. d3 Ba6 11. Qe1 d5 12. f5 dxe4 13. fxe6 exf3 14. exf7+ Kd7 15. Rxf3 Ng6 16. Ne4 Rb8 17.
Bg5 Qb6+ 18. Be3 c5 19. Qf2 Rc8 20. Rf5 Be7 21. Re1 Bb7 22. Nxc5+ Bxc5 23. Bxc5 Qc6 24.
f8=Q Rhxf8 25. Bxf8 Qxg2+ 26. Qxg2 Bxg2 27. Kxg2 Nh4+ 28. Kh3 Nxf5 29. Bb4 Rxc2 30. Re5 g6 31. Ra5 Rc7 32. Bd2 Kc6 33. Bf4 Rd7 34. Kg4 Kb6 35. Ra3 Rd4 36. Kf3 h5 37. Be5 Rh4 38. Rb3+ Kc5 39. Ra3 Kd5 40. Bg3 Rd4 41. Rxa7 Rxd3+ 42. Kf4 Nd4 43. Kg5 Ke4 44. Re7+ Kf3 45. Kxg6 Ne2 46. Rf7+ Kg2 47. Be5 h4 48. Ra7 Re3 49. Kf5 Ng1 50. Bf4 Re2 51. a4 Nf3 52. Rg7+ Kh3 53. a5 Ra2 54. Ra7 Nxh2 55. a6 Nf3 56. Ra8 Nd4+ 57. Ke4 Ne6 58. Be3 Nc7 59. Ra7 Nxa6 60. Bf4 Nb4 61. Rxa2 Nxa2 62.
Kf3 Nc3 63. Bg5 Nd5 64. Bxh4 Kxh4 1/2-1/2

[Event "*** Monthly 3|2 Blitz Masters"]
[Site "Chess.com"]
[Date "2014.11.25"]
[Round "8"]
[White "bsmail"]
[Black "WanderingPuppet"]
[Result "1-0"]
[WhiteElo "2112"]
[BlackElo "2018"]
[TimeControl "180+2"]
[EndTime "12:46:02 PST"]
[Termination "bsmail won by resignation"]

1. d4 Nf6 2. c4 g6 3. Nc3 Bg7 4. Bg5 d6 5. e3 O-O 6. Be2 c5 7. d5 h6 8. Bh4 Qa5 9. Qd2 Nbd7 10. Nf3 g5 11. Bg3 Nh5 12. O-O Nxg3 13. hxg3 Nf6 14. Qc2 a6 15. a4 Bg4 16. Bd3 Kh8 17. Nd2 Rad8 18. f3 Bc8 19. Nde4 Nxe4 20. Bxe4 Qc7 21. g4 e6 22. dxe6 fxe6 23. Rad1 Qf7 24. Bg6 Qe7 25. Ne4 b6 26. b3 Bb7 27.
Rd3 Rf6 28. Nxf6 Qxf6 29. Rd2 Qe5 30. Qd3 Qg3 31. Be4 Be5 32. f4 gxf4 33. exf4 Bd4+ 34. Kh1 Qh4+ 35. Qh3 Qxh3+ 36. gxh3 Bxe4+ 37. Kh2 Rf8 38.
Kg3 Kg7 39. Rdd1 Kf7 40. Rde1 d5 41. f5 Be5+ 42. Kh4 exf5 43. cxd5 Bf6+ 44. Kg3 Bxd5 45. Rxf5 Be6 46. Rf3 Kg7 47. Rxe6 Bh4+ 48. Kg2 Rd8 49. Rxb6 Rd2+ 50. Kg1 Rd1+ 51. Rf1 Rd3 52. Kg2 Rd2+ 53. Kf3 Rd3+ 54. Ke4 Rxh3 55. Rd1 Kf7 56. Rd7+ Ke8 57. Rh7 Rg3 58. Rb8+ Bd8 59. Rh8+ Kf7 60. Rhxd8 Rxg4+ 61. Kd5 Rg3 62. Kxc5 h5 63. Rh8 Kg7 64. Rxh5 Rg6 65.
Rb7+ Kf6 66. Rb6+ 1-0

[Event "*** Monthly 3|2 Blitz Masters"]
[Site "Chess.com"]
[Date "2014.11.25"]
[Round "8"]
[White "Hafez_Bakr"]
[Black "stepanosinovsky"]
[Result "1-0"]
[WhiteElo "1802"]
[BlackElo "2242"]
[TimeControl "180+2"]
[EndTime "12:46:05 PST"]
[Termination "Hafez_Bakr won on time"]

1. e4 g6 2. d4 Bg7 3. Nf3 e6 4.
c3 Ne7 5. Be2 O-O 6. Be3 d6 7.
Qd2 Re8 8. Bh6 Bh8 9. O-O b6 10.
Na3 Bb7 11. e5 Nd7 12. exd6 cxd6 13. Nc4 Qc7 14. Bf4 Nc8 15. b3 a6 16. Rac1 b5 17.
Ne3 Ncb6 18. c4 bxc4 19. Nxc4 Nxc4 20. Rxc4 Qb6 21. Be3 Bd5 22. Rc2 Qb7 23. Rfc1 Rec8 24. Bf4 Rxc2 25. Qxc2 e5 26. dxe5 dxe5 27. Bh6 e4 28.
Ng5 Be5 29. Nh3 e3 30. f3 Re8 31. Nf4 Nf6 32. Nxd5 Nxd5 33. Qc6 Qxc6 34. Rxc6 Nc3 35. Kf1 Bd4 36. Rxa6 Nb1 37. g3 Bg7 38. Bxg7 Kxg7 39.
Ra7 Rd8 40. Bc4 Nc3 41. Rxf7+ Kh6 42. Re7 Rd1+ 43. Kg2 Rd2+ 44. Kh3 Nd1 45. g4 g5 46. Kg3 Kg6 47. h4 Kf6 48. Re6+ Kg7 49. hxg5 Rxa2 50. f4 Rd2 51. f5 Rf2 52. Re7+ Kf8 53. Rxe3 Nxe3 54. Kxf2 Nxg4+ 55. Kg3 Ne3 56. Kf4 Ng2+ 57. Ke5 Nh4 58. Be2 Ng2 59. b4 1-0

[Event "*** Monthly 3|2 Blitz Masters"]
[Site "Chess.com"]
[Date "2014.11.25"]
[Round "8"]
[White "GedoGluperd"]
[Black "Nouki"]
[Result "1/2-1/2"]
[WhiteElo "2343"]
[BlackElo "2629"]
[TimeControl "180+2"]
[EndTime "12:46:13 PST"]
[Termination "Game drawn by repetition"]

1. d4 Nf6 2. Bg5 Ne4 3. Bf4 d5 4. e3 Bf5 5. Bd3 e6 6. Nd2 Bd6 7. Bxe4 dxe4 8. Ne2 Bxf4 9. Nxf4 h6 10. O-O O-O 11. c4 Nd7 12. Qb3 b6 13. Ne2 Bg6 14. Rfd1 Qe7 15. Rac1 c5 16. Qa3 Rfe8 17. dxc5 Nxc5 18.
Nf4 Bf5 19. b4 Nd3 20. Nxd3 exd3 21. e4 Bg6 22. Qc3 Red8 23. f3 a5 24. a3 axb4 25. axb4 Ra2 26. c5 bxc5 27. Qxc5 Qb7 28. Qc7 Qxc7 29.
Rxc7 Rc2 30. Rb7 f5 31. exf5 Bxf5 32. Kf2 Rd5 33. Ke3 Re5+ 34. Kd4 Re2 35. Ne4 Rxg2 36. Kxd3 Rxh2 37. Kd4 Rhe2 38. b5 Rb2 39. Ke5 Rb4 40.
Rdd7 Bxe4 41. Rxg7+ Kf8 42. fxe4 Rexe4+ 43. Kd6 Rxb5 44.
Rgf7+ Kg8 45. Rg7+ Kf8 46. Rbf7+ Ke8 47. Re7+ Kf8 48. Ref7+ Ke8 49. Re7+ Kf8 50. Ref7+ Ke8 51. Re7+ Kf8 52. Ref7+ Ke8 53. Re7+ Kf8 54. Ref7+ Ke8 55. Re7+ Kf8 56. Ref7+ Ke8 1/2-1/2